AoeStats
← posteau.w

Arabia

508488669Analyzed
1v1 RM · 8d ago on Sep 22, 2026· 52m 6s· 2 players
Game mode
Random Map
Map size
Tiny (2 player)
Population
200
Speed
Normal
Resources
Standard
Victory
Conquest
Starting age
Dark Age
Ending age
Imperial Age
RankedLock teamsTeams togetherTeam positionsShared explorationLock speedFull tech treeHidden civsTurbo modeCheats
Victory
Defeat
🇧🇪 Spanish · Belgium
704
+14
🇧🇪 Sicilians · Belgium
670
-14
sofiedew
1:17 Loom
12:58 Feudal Age
14:43 Town Watch
14:58 Arson
15:15 Man-at-Arms
22:40 Castle Age
21:12 Stone Mining
21:38 Double-Bit Axe
22:47 Scale Mail Armor
22:57 Gold Mining
24:49 Stone Shaft Mining
28:41 Gold Shaft Mining
31:36 Bow Saw
31:35 Husbandry
51:10 Imperial Age
52:26 Imperial Age
posteau.w
10:57 Feudal Age
15:28 Castle Age
17:13 Loom
18:12 Stone Mining
18:12 Double-Bit Axe
18:06 Man-at-Arms
19:20 Bow Saw
20:24 Horse Collar
29:20 Padded Archer Armor
30:19 Wheelbarrow
30:36 Heavy Plow
33:26 Gold Mining
34:15 Stone Shaft Mining
38:38 Imperial Age
36:46 Hand Cart
40:45 Conscription
39:47 Elite Conquistador
41:45 Capped Ram
43:36 Siege Ram
52:39 Chemistry
52:00 Ballistics
Connection lost

Rejoining the realm…

Still unreachable

The connection could not be restored.

Session expired

The server has moved on; the page needs a fresh start.